 Dungeon Crawl Stone Soup version 0.27-a0-1123-g2f9bb313c0 (webtiles) character file.

Game seed: 7051002906579437898

156 runemasterragnar the Sneak (level 5, -3/49 HPs)
             Began as a Naga Monk on May 3, 2021.
             Was a Priest of Kikubaaqudgha.
             Slain by a hobgoblin
             ... wielding a +0 club
              (4 damage)
             ... on level 3 of the Dungeon.
             The game lasted 00:07:07 (3956 turns).

runemasterragnar the Sneak (Naga Monk)              Turns: 3956, Time: 00:07:08

Health: -3/49      AC:  3    Str: 14    XL:     5   Next: 38%
Magic:  3/6        EV: 10    Int: 11    God:    Kikubaaqudgha [***...]
Gold:   95         SH:  0    Dex: 13    Spells: 0/6 levels left

rFire    . . .     SeeInvis +   j - +0 dagger (elec)
rCold    . . .     Faith    .   (no shield)
rNeg     . . .     Spirit   .   a - +1 robe
rPois    +         Reflect  .   (no helmet)
rElec    .         Harm     .   (no cloak)
rCorr    .         Rampage  .   (no gloves)
Will     .....                  (no barding)
Stlth    +++.......             (no amulet)
HPRegen  0.16/turn              (no ring)
MPRegen  0.10/turn              (no ring)

@: mighty, very slow
A: AC +1, large, see invisible, deformed body, poison resistance, slowness 2,
spit poison 1, naga tail 1
a: Spit Poison, Renounce Religion, Receive Corpses


You were on level 3 of the Dungeon.
You worshipped Kikubaaqudgha.
Kikubaaqudgha was most pleased with you.
You visited 1 branch of the dungeon, and saw 3 of its levels.

You collected 95 gold pieces.

Inventory:

Hand Weapons
 b - a +0 short sword
 c - a +2 hunting sling of freezing
 j - a +0 dagger of electrocution (weapon)
Missiles
 k - 14 sling bullets
Armour
 a - a +1 robe (worn)
Jewellery
 h - a ring of ice
Scrolls
 d - a scroll of magic mapping


   Skills:
 - Level 3.3 Fighting
 - Level 2.7 Dodging
 + Level 4.7 Stealth
 - Level 3.0 Unarmed Combat
 + Level 1.2 Spellcasting
 * Level 2.3 Conjurations
 * Level 2.0 Necromancy


You couldn't memorise any spells.
You knew the following spells:

 Your Spells              Type           Power      Damage    Failure   Level
a - Magic Dart            Conj           20%        1d4       12%         1
b - Pain                  Necr           20%        1d5       14%         1
c - Animate Dead          Necr           2%         N/A       80%         4

Your spell library contained the following spells:

 Spells                   Type           Power      Damage    Failure   Level
 Searing Ray              Conj           10%        3d3       19%         2
 Sublimation of Blood     Necr           2%         N/A       22%         2
 Corpse Rot               Necr/Air       N/A        N/A       32%         2
 Vampiric Draining        Necr           2%         2d6       38%         3
 Dazzling Flash           Conj/Hex       6%         N/A       52%         3
 Dispel Undead            Necr           5%         3d7       80%         4
 Fulminant Prism          Conj/Hex       1%         3d6       89%         4
 Iskenderun's Mystic Bla  Conj/Tloc      3%         2d3       89%         4
 Excruciating Wounds      Necr           2%         N/A       98%         5
 Death Channel            Necr           2%         N/A       100%        6
 Simulacrum               Ice/Necr       1%         N/A       100%        6


Dungeon Overview and Level Annotations

Branches:
Dungeon (3/15)

Altars:
Elyvilon
Kikubaaqudgha
Makhleb


Innate Abilities, Weirdness & Mutations

Your serpentine skin is tough. (AC +1)
You have supernaturally acute eyesight. (SInv)
Armour fits poorly on your strangely shaped body.
Your system is resistant to poisons. (rPois)
You cover ground very slowly.
You can spit poison.
You have a snake-like lower body.


Message History

The goblin closely misses you.
The goblin moves out of view.
Unknown command.
Unknown command.
Okay, then.
Casting: Pain (safe; 14% risk of failure)
Confirm with . or Enter, or press ? or * to list all spells.
Okay, then.
Casting: Pain (safe; 14% risk of failure)
Confirm with . or Enter, or press ? or * to list all spells.
You don't have enough magic to cast this spell.
Okay, then.
Okay, then.
You feel very mighty all of a sudden.
The gnoll hits you from afar with a +0 spear.
The goblin closely misses you.
Unknown command.
The hobgoblin shouts!
The gnoll shouts!
You hit the gnoll. Lightning courses through the gnoll!
You kill the gnoll!
Kikubaaqudgha accepts your kill.
The gnoll seems to regain its courage.
The gnoll hits you from afar with a +0 spear.
* * * LOW HITPOINT WARNING * * *
The goblin closely misses you. The goblin hits you but does no damage.
A goblin comes into view. It is wielding a +0 club. x2
The hobgoblin hits you with a +0 club.
* * * LOW HITPOINT WARNING * * *
Your Necromancy skill increases to level 2!
Unknown command.
Unknown command.
Okay, then.
You puncture the goblin! Lightning courses through the goblin!!
You kill the goblin!
Kikubaaqudgha accepts your kill. The gnoll closely misses you.
The goblin hits you with a +0 club.
* * * LOW HITPOINT WARNING * * *
A hobgoblin comes into view. It is wielding a +0 club.
The goblin hits you but does no damage. The hobgoblin hits you with a +0 club.
You die...
Kikubaaqudgha rasps: "You have failed me!
Welcome... death!" #≈≈≈≈≈≈≈# #################### #≈≈≈≈≈≈≈#g #(.....## ##.....# #gg

#.......###......+
#g##........#.......###
#.g.........#..........
#...........'..........
#.(.gg.((...#..).......
#(##.)g)....#....)..###
#.g@g...###.)....+
#...g..## ##.....#
######## #######


You could see 2 gnolls, 4 hobgoblins and 5 goblins.

Vanquished Creatures
  2 orc priests (D:3)
  A gnoll (D:3)
  2 adders (D:2)
  A worm (D:3)
  A dart slug (D:1)
  6 orcs (D:3)
  4 ball pythons
  6 bats
  7 endoplasms
  10 goblins
  8 hobgoblins
  4 kobolds
  A quokka (D:1)
  5 frilled lizards
  2 rats
60 creatures vanquished.

Notes
Turn   | Place    | Note
-------+----------+-------------------------------------------
     0 | D:1      | runemasterragnar the Naga Monk began the quest for the Orb.
     0 | D:1      | Reached XP level 1. HP: 21/21 MP: 1/1
    84 | D:1      | Reached XP level 2. HP: 17/28 MP: 2/2
   598 | D:1      | Found a faded altar of an unknown god.
   705 | D:1      | Became a worshipper of Kikubaaqudgha
   705 | D:1      | Reached * piety under Kikubaaqudgha
   705 | D:1      | Identified Kikubaaqudgha's Compendium of Evil
                  | (Kikubaaqudgha gifted it to you on level 1 of the Dungeon)
   705 | D:1      | Received a gift from Kikubaaqudgha
   705 | D:1      | Reached ** piety under Kikubaaqudgha
   709 | D:1      | Learned a level 1 spell: Magic Dart
   876 | D:1      | Reached XP level 3. HP: 18/34 MP: 3/3
  1124 | D:2      | Reached skill level 4 in Stealth
  1606 | D:2      | Learned a level 1 spell: Pain
  1742 | D:2      | Reached skill level 1 in Conjurations
  2161 | D:2      | Found a burning altar of Makhleb.
  2372 | D:3      | Reached XP level 4. HP: 3/42 MP: 2/4
  2372 | D:3      | HP: 2/42 [bat (1)]
  3095 | D:3      | Reached *** piety under Kikubaaqudgha
  3095 | D:3      | Identified Kikubaaqudgha's Catalogue of Stolen Souls
                  | (Kikubaaqudgha gifted it to you on level 3 of the Dungeon)
  3095 | D:3      | Received a gift from Kikubaaqudgha
  3096 | D:3      | Reached skill level 1 in Necromancy
  3268 | D:3      | Reached skill level 1 in Spellcasting
  3279 | D:3      | Reached XP level 5. HP: 21/49 MP: 2/6
  3599 | D:3      | Learned a level 4 spell: Animate Dead
  3624 | D:3      | Found a white marble altar of Elyvilon.
  3956 | D:3      | HP: 1/49 [goblin/+0 club (3)]
  3956 | D:3      | Slain by a hobgoblin

Illustrated notes

Levels and vault maps discovered:
D:1:      minmay_arrival_three_doors, layout_basic,
          hellmonk_ecumenical_altar_inner_sanctum, chequers_mini_garden
D:2:      layout_basic, basic_altar
D:3:      minmay_goblin_kobold_castle, layout_basic, lemuel_round_altar,
          nemelex_dance_club_becter, chequers_temple_overflow_minitemple

Skill      XL: |  1  2  3  4  5 |
---------------+----------------+-----
Stealth        | 4 |  4.7
Conjurations   | 1 2 |  2.3
Necromancy     | 1 2 |  2.0
Spellcasting   | 1 |  1.2
Fighting       | |  3.3
Dodging        | |  2.7
Unarmed Combat | |  3.0

Action                   |  1- 3 |  4- 6 || total
-------------------------+-------+-------++-------
Melee: Unarmed           |    90 |       ||    90
       Short sword       |    17 |     6 ||    23
       Punch             |     1 |       ||     1
       Dagger            |       |    27 ||    27
 Fire: Hunting sling     |       |    23 ||    23
 Cast: Magic Dart        |     6 |     3 ||     9
       Pain              |     4 |    11 ||    15
Invok: Receive Corpses   |       |     1 ||     1
 Abil: Spit Poison       |     4 |     4 ||     8
  Use: Scroll            |     3 |     4 ||     7
       Potion            |       |     2 ||     2
 Stab: Sleeping          |     6 |     1 ||     7
Armor: Robe              |    16 |    10 ||    26
Dodge: Dodged            |    59 |    27 ||    86

Table legend: (Time is in decaauts)
 A = Elapsed time spent in this place.
 B = Non-inter-level travel time spent in this place.
 C = Inter-level travel time spent in this place.
 D = Time resting spent in this place.
 E = Time spent auto-exploring this place.
 F = Levels seen in this place.
 G = Mean time per level.
                   A        B        C        D        E       F      G
               +--------+--------+--------+--------+--------+-----+--------+
         Total |   4509 |   4459 |     50 |   1383 |   2345 |   3 | 1503.0 |
       Dungeon |   4509 |   4459 |     50 |   1383 |   2345 |   3 | 1503.0 |
               +--------+--------+--------+--------+--------+-----+--------+

Top non-repeatable levels by time:
     D:3: 1736 daAuts
     D:2: 1582 daAuts
     D:1: 1190 daAuts
